 Dungeon Crawl Stone Soup version 0.18.1-48-g4cf74bf (webtiles) character file.

81 Inkary the Sneak (level 4, -2/23 HPs)
             Began as a Spriggan Assassin on July 26, 2016.
             Slain by a giant gecko (3 damage)
             ... on level 2 of the Dungeon.
             The game lasted 00:03:08 (1910 turns).

Inkary the Sneak (Spriggan Assassin)                Turns: 1910, Time: 00:03:09

Health: -2/23      AC:  3    Str:  7    XL:     4   Next: 19%
Magic:  5/5        EV: 18    Int: 12    God:
Gold:   94         SH:  0    Dex: 18    Spells: 0 memorised, 3 levels left

rFire  . . .     SeeInvis +     a - +2 dagger
rCold  . . .     Gourm    .     c - +0 robe
rNeg   . . .     Faith    .     (shield restricted)
rPois  .         Spirit   .     (helmet restricted)
rElec  .         Dismiss  .     d - +0 cloak
rCorr  .         Reflect  .     (gloves unavailable)
SustAt .         Harm     .     (boots unavailable)
MR     .....                    (no amulet)
Stlth  ++++......               (no ring)
                                (no ring)

@: very quick, not resistant to hostile enchantments, stealthy
A: unfitting armour, see invisible, herbivore 3, speed 3, slow metabolism 2
a: no special abilities


You were on level 2 of the Dungeon.
You were not hungry.

You visited 1 branch of the dungeon, and saw 2 of its levels.

You collected 94 gold pieces.

Inventory:

Hand Weapons
 a - a +2 dagger (weapon)
 b - a +0 blowgun
Missiles
 e - 8 poisoned needles
 f - 2 curare-tipped needles
Armour
 c - a +0 robe (worn)
 d - a +0 cloak (worn)
Jewellery
 s - a +4 ring of intelligence {unknown}
 u - an uncursed ring of magical power {unknown}
 w - a cursed ring of loudness {unknown}
Scrolls
 j - 2 scrolls of teleportation {unknown}
 l - 2 scrolls of noise {unknown}
 m - a scroll of recharging {unknown}
 o - a scroll of magic mapping {unknown}
 p - a scroll of random uselessness {unknown}
 r - 3 scrolls of remove curse {unknown}
Potions
 h - a potion of heal wounds {unknown}
 k - a potion of magic {unknown}
 n - a potion of lignification {unknown}
 q - a potion of beneficial mutation {unknown}
 t - a potion of cure mutation {unknown}
 v - 2 potions of curing {unknown}
 x - a potion of haste {unknown}
Comestibles
 g - 2 bread rations
 i - 3 fruits


   Skills:
 + Level 2.3 Fighting
 + Level 3.0 Short Blades
 - Level 2.0 Throwing
 + Level 3.1 Dodging
 + Level 6.6 Stealth


You had 3 spell levels left.
You didn't know any spells.

Dungeon Overview and Level Annotations

Branches:
Dungeon (2/15)

Altars:


Innate Abilities, Weirdness & Mutations

You are tiny and cannot use many weapons and most armour.
You have supernaturally acute eyesight.
You are a herbivore.
You cover ground extremely quickly.
You need consume almost no food.


Message History

* * * LOW HITPOINT WARNING * * *
The jackal misses you.
Unknown command.
You hit the jackal but do no damage.
The jackal is severely wounded.
The jackal barely misses you. The giant gecko closely misses you.
The jackal closely misses you.
The jackal bites you but does no damage.
You hit the jackal.
The jackal is almost dead.
The jackal misses you.
The jackal bites you but does no damage.
The giant gecko bites you.
* * * LOW HITPOINT WARNING * * *
The jackal barely misses you. x2
You hit the jackal.
You kill the jackal!
The jackal misses you. The jackal closely misses you.
The giant gecko bites you.
You die...

#.# #...#######.....# # #.# #...#
############ ###+#####...#
#....[...... #######...........#
#........... #.[...#...........#
#........... #.....#...........#
#........... #.....#...........#
#........... #.....#........hh.#
#........... ..........####.l@##
#........... #........÷...#.#†#
#...........
...............#.#####.......<...
.............###.....#...........
#####........# #.................
.............# #.....######.###.#
.............# #.....# #.......
.............# #.....# #..#...#
........###### #.#'### #..#....


You could see a giant gecko and 2 jackals.

Vanquished Creatures
  Ijyb (D:2)
  2 adders (D:2)
  A worm (D:2)
  A dart slug (D:1)
  A giant gecko (D:2)
  2 giant cockroaches (D:1)
  A goblin (D:2)
  2 hobgoblins (D:1)
  4 jackals
  A ball python (D:2)
  2 bats (D:1)
  4 giant newts
  6 kobolds
  6 rats
34 creatures vanquished.

Notes
Turn   | Place    | Note
--------------------------------------------------------------
     0 | D:1      | Inkary the Spriggan Assassin began the quest for the Orb.
     0 | D:1      | Reached XP level 1. HP: 10/10 MP: 2/2
   141 | D:1      | Reached skill level 6 in Stealth
   286 | D:1      | Reached XP level 2. HP: 14/15 MP: 3/3
   750 | D:2      | Reached XP level 3. HP: 18/18 MP: 4/4
  1094 | D:2      | Noticed Ijyb
  1150 | D:2      | Killed Ijyb
  1150 | D:2      | Reached XP level 4. HP: 6/23 MP: 5/5
  1909 | D:2      | HP: 1/23 [giant gecko (1)]
  1910 | D:2      | Slain by a giant gecko

Skill      XL: |  1  2  3 |
---------------+----------+-----
Stealth        | 6 |  6.6
Dodging        | 2 3 |  3.1
Fighting       | 2 |  2.3
Short Blades   | 3 |  3.0
Throwing       | |  2.0

Action                   |  1- 3 |  4- 6 || total
-------------------------+-------+-------++-------
Melee: Dagger            |   104 |    28 ||   132
 Stab: Sleeping          |    15 |       ||    15
Armor: Robe              |    10 |     7 ||    17
Dodge: Dodged            |    60 |    46 ||   106
